AoeStats
← Scary Shrimp

Oasis

507335387Analyzed
2v2 RM · 15d ago on Sep 17, 2026· 46m 3s· 4 players
Game mode
Random Map
Map size
Medium (4 player)
Population
200
Speed
Normal
Resources
Standard
Victory
Conquest
Starting age
Dark Age
Ending age
Imperial Age
RankedLock teamsTeams togetherTeam positionsShared explorationLock speedFull tech treeHidden civsTurbo modeCheats
Victory
Defeat
🇳🇱 Japanese · Netherlands
1119
+14
🇳🇱 Celts · Netherlands
1113
+14
🇺🇸 Japanese · United States
1074
-14
🇺🇸 Spanish · United States
1072
-14
Scary Shrimp
7:37 Loom
10:17 Feudal Age
11:23 Double-Bit Axe
11:16 Man-at-Arms
12:25 Horse Collar
16:59 Scale Mail Armor
20:19 Wheelbarrow
24:34 Castle Age
22:48 Forging
24:21 Padded Archer Armor
24:11 Fletching
24:19 Gold Mining
24:49 Long Swordsman
25:52 Chain Mail Armor
25:41 Squires
26:10 Gambesons
27:20 Bow Saw
28:44 Bodkin Arrow
29:04 Bloodlines
28:56 Husbandry
30:00 Stone Mining
30:31 Leather Archer Armor
34:02 Thumb Ring
41:15 Gold Shaft Mining
40:44 Heavy Plow
41:13 Treadmill Crane
44:41 Imperial Age
42:52 Ballistics
44:07 Masonry
44:11 Fortified Wall
45:34 Bracer
46:06 Plate Mail Armor
47:00 Two-Man Saw
46:37 Hand Cart
Jeremy Fragrance
10:36 Feudal Age
10:47 Man-at-Arms
11:29 Horse Collar
12:45 Scale Mail Armor
12:55 Forging
15:49 Double-Bit Axe
16:07 Loom
21:06 Castle Age
20:12 Wheelbarrow
19:32 Gold Mining
20:55 Arson
21:14 Long Swordsman
21:40 Gambesons
22:18 Bow Saw
22:48 Chain Mail Armor
25:55 Heavy Plow
26:39 Iron Casting
29:07 Stone Mining
29:00 Pikeman
36:05 Imperial Age
37:07 Hand Cart
36:28 Halberdier
37:59 Plate Mail Armor
38:29 Blast Furnace
37:55 Conscription
37:55 Siege Engineers
38:16 Ballistics
39:38 Gold Shaft Mining
40:23 Furor Celtica
39:48 Heavy Scorpion
40:42 Masonry
41:29 Elite Woad Raider
42:29 Town Watch
44:52 Stone Shaft Mining
45:29 Town Patrol
Melk Fart
6:12 Loom
9:55 Feudal Age
23:59 Castle Age
24:02 Double-Bit Axe
32:35 Fletching
33:36 Bodkin Arrow
37:34 Ballistics
Milk Fart
7:45 Loom
10:00 Feudal Age
11:43 Double-Bit Axe
11:41 Horse Collar
13:10 Wheelbarrow
21:05 Castle Age
19:02 Gold Mining
19:31 Padded Archer Armor
19:33 Fletching
19:45 Padded Archer Armor
21:22 Crossbowman
21:59 Bodkin Arrow
22:31 Bow Saw
30:31 Thumb Ring
31:40 Ballistics
43:19 Imperial Age
43:08 Hand Cart
42:39 Town Watch
44:30 Bracer
45:17 Arbalester
46:39 Leather Archer Armor
Connection lost

Rejoining the realm…

Still unreachable

The connection could not be restored.

Session expired

The server has moved on; the page needs a fresh start.